 Dungeon Crawl Stone Soup version 0.30.0-10-gfe55d96785 (webtiles) character file.

Game seed: 17215078092535463523

294 Atelerd the Sneak (level 6, 0/36 HPs)
             Began as an Octopode Earth Elementalist on May 15, 2023.
             Slain by a goblin
             ... wielding a +0 club
              (2 damage)
             ... on level 3 of the Dungeon.
             The game lasted 00:03:49 (2393 turns).

Atelerd the Sneak (Octopode Earth Elementalist)     Turns: 2393, Time: 00:03:49

Health: 0/36       AC:  1    Str:  8    XL:     6   Next: 33%
Magic:  6/10       EV: 13    Int: 25    God:
Gold:   137        SH:  0    Dex: 12    Spells: 6/11 levels left

rFire   . . .        j - +2 dagger (flame)
rCold   . . .        (no shield)
rNeg    . . .        (helmet restricted)
rPois   .            (no amulet)
rElec   .            e - +6 ring of intelligence
rCorr   +            k - ring of resist corrosion
SInv    .            (no ring)
Will    .....        (no ring)
Stlth   ++++         (no ring)
HPRegen 0.26/turn    (no ring)
MPRegen 0.12/turn    (no ring)
                     (no ring)

%: no passive effects
@: mighty, lethally poisoned (0 -> -6)
A: almost no armour, amphibious, 8 rings, camouflage 1, gelatinous body 1,
(nimble swimmer 1), tentacles
a: no special abilities


You were on level 3 of the Dungeon.
You visited 1 branch of the dungeon, and saw 3 of its levels.

You collected 137 gold pieces.

Inventory:

Hand Weapons
 j - a +2 dagger of flaming (weapon)
Jewellery
 e - a +6 ring of intelligence (left tentacle)
 k - a ring of resist corrosion (right tentacle)
Scrolls
 c - 4 scrolls of identify {unknown}
 g - 2 scrolls of vulnerability {unknown}
 h - a scroll of amnesia {unknown}
 i - a scroll of fear {unknown}
 l - a scroll of enchant weapon {unknown}
 q - a scroll of fog {unknown}
 r - a scroll of teleportation {unknown}
 t - a scroll of magic mapping {unknown}
Potions
 a - a potion of magic
 b - a potion of heal wounds {unknown}
 d - a potion of might
 f - 2 potions of brilliance {unknown}
 m - 3 potions of attraction {unknown}
 n - 2 potions of curing {unknown}
 o - 3 potions of mutation {unknown}
 p - 2 potions of lignification {unknown}
 s - a potion of cancellation {unknown}
 u - a potion of ambrosia {unknown}
 v - a potion of degeneration {unknown}


   Skills:
 - Level 3.0 Dodging
 + Level 4.4 Stealth
 - Level 0.2 Unarmed Combat
 + Level 3.2 Spellcasting
 * Level 2.7 Transmutations
 * Level 4.4 Earth Magic


You had 6 spell levels left.
You knew the following spells:

 Your Spells              Type           Power      Damage    Failure   Level
a - Sandblast             Erth           52%        2d12      1%          1
p - Petrify               Tmut/Erth      21%        N/A       22%         4

Your spell library contained the following spells:

 Spells                   Type           Power      Damage    Failure   Level
 Passwall                 Tmut/Erth      17%        N/A       3%          2
 Stone Arrow              Conj/Erth      30%        3d8       12%         3
 Ozocubu's Armour         Ice            4%         N/A       30%         3
 Vhi's Electric Charge    Tloc/Air       8%         N/A       30%         3
 Arcjolt                  Conj/Air       2%         1d12      95%         5
 Metabolic Englaciation   Hex/Ice        2%         N/A       95%         5
 Simulacrum               Ice/Necr       2%         N/A       100%        6
 Maxwell's Capacitive Co  Air            2%         ∞         100%        8


Dungeon Overview and Level Annotations

Branches:
Dungeon (3/15)

Altars:
Nemelex Xobeh
Uskayaw

Annotations:
D:2 exclusion: 2 downstairs


Innate Abilities, Weirdness & Mutations

You cannot wear most types of armour.
You are amphibious.
You can wear up to eight rings at the same time.
Your skin changes colour to match your surroundings (Stealth+).
Your rubbery body absorbs attacks. (AC +1, EV +1)
((You are camouflaged when in or above water. (Stealth+)))
You have tentacles for arms and can constrict up to eight enemies at once.


Message History

You kill the goblin!
The goblin barely misses you. The goblin hits you with a +0 club.
The goblin shoots a sling bullet.
The sling bullet hits you. The goblin misses you.
The goblin barely misses you. x2
The goblin shoots a sling bullet.
The sling bullet hits you.
You are too injured to fight recklessly!
You are too injured to fight recklessly!
You are too injured to fight recklessly!
Casting: Sandblast (safe; 1% risk of failure)
Confirm with . or Enter, or press ? or * to list all spells.
Aiming: Sandblast (safe; 1% risk of failure)
Press: ? - help, Shift-Dir - straight line, f - goblin
Aim: a goblin, wielding a +0 dagger (79% to hit)
The blast of sand hits the goblin!!
You kill the goblin!
The goblin closely misses you.
Unknown command.
Unknown command.
Casting: Sandblast (safe; 1% risk of failure)
Confirm with . or Enter, or press ? or * to list all spells.
Aiming: Sandblast (safe; 1% risk of failure)
Press: ? - help, Shift-Dir - straight line, f - hobgoblin
Aim: a hobgoblin (83% to hit)
The blast of sand hits the hobgoblin!
You kill the hobgoblin!
The goblin barely misses you. The goblin misses you.
The goblin unwields a +0 sling.
The goblin wields a +2 dagger of venom.
It begins to drip with poison!
The goblin hits you with a +2 dagger of venom.
* * * LOW HITPOINT WARNING * * *
You are lethally poisoned!
The goblin hits you with a +0 dagger.
* * * LOW HITPOINT WARNING * * *
The goblin closely misses you. The goblin barely misses you.
It was a potion of might.
You feel very mighty all of a sudden.
* * * LOW HITPOINT WARNING * * *
You feel very sick. The goblin closely misses you.
The goblin hits you with a +0 club.
You die...

.######.#####.############.##
. #.# #...# #..# .. #)#
###.## ##.#### ...####.# #..#
#..... #.....).#
############# ######
#####...# #...8.8.8.8.# #≈...
#####...###...........# #≈...
...............))....!# #≈...
#####....###...@g.)...# #≈...
###...##...gg....$# ##≈≈≈≈
#.#.............# #'####
#..##[...8.8.8.8.# #.#.##
##.###..!.######### #....#
#(.# ####..# ####.#
#####.#######.## #.#
#..........#..# #.#
#...<......#.## #..#####.#


You could see 3 goblins.

Vanquished Creatures
  Sigmund (D:3)
  5 adders
  A worm (D:2)
  2 dart slugs (D:3)
  6 orcs
  2 ball pythons
  7 endoplasms
  5 giant cockroaches
  9 goblins
  7 hobgoblins
  4 jackals (D:3)
  2 quokkas
  7 bats
  4 frilled lizards
  2 kobolds
  10 rats
74 creatures vanquished.

Notes
Turn   | Place    | Note
-------+----------+-------------------------------------------
     0 | D:1      | Atelerd the Octopode Earth Elementalist began the quest for
                  | the Orb.
     0 | D:1      | Reached XP level 1. HP: 11/11 MP: 3/3
   121 | D:1      | Reached XP level 2. HP: 17/17 MP: 1/5
   893 | D:2      | Reached XP level 3. HP: 20/21 MP: 2/6
  1480 | D:2      | Reached XP level 4. HP: 27/27 MP: 5/7
  1797 | D:3      | Noticed Sigmund
  1804 | D:3      | Learned a level 4 spell: Petrify
  1825 | D:3      | Killed Sigmund
  1826 | D:3      | Reached XP level 5. HP: 31/31 MP: 1/9
  1915 | D:3      | Reached XP level 6. HP: 35/36 MP: 10/10
  1946 | D:3      | Found a hide-covered altar of Uskayaw.
  2022 | D:3      | Found a sparkling altar of Nemelex Xobeh.
  2393 | D:3      | Slain by a goblin

Illustrated notes

Levels and vault maps discovered:
D:1:      sevenhm_arrival_forest_fort_small_6, layout_loops_ring,
          minmay_misc_feat_enclosed
D:2:      layout_rooms, minmay_misc_feat_rugged
D:3:      kennysheep_the_goblin_king, layout_rooms,
          mainiacjoe_overflow_24_doors, nemelex_spade_bored_becter,
          kennysheep_big_empty_room, chequers_serial_rivers_room_a,
          minmay_surrounded, uniq_sigmund

Skill      XL: |  1  2  3  4  5  6 |
---------------+-------------------+-----
Stealth        | 3 4 |  4.4
Spellcasting   | 3 |  3.2
Transmutations | 2 |  2.7
Earth Magic    | 4 |  4.4
Dodging        | 3 |  3.0
Unarmed Combat | |  0.2

Action                     |  1- 3 |  4- 6 || total
---------------------------+-------+-------++-------
  Melee: Unarmed           |     3 |       ||     3
         Constrict         |     1 |     3 ||     4
         Dagger            |     6 |    17 ||    23
         Tentacles         |     2 |     3 ||     5
         Punch             |       |     1 ||     1
   Cast: Sandblast         |    40 |    39 ||    79
         Petrify           |       |     2 ||     2
    Use: Potion            |       |     1 ||     1
   Stab: Sleeping          |     2 |     2 ||     4
         Petrified         |       |     5 ||     5
 Armour: Skin              |     1 |     3 ||     4
  Dodge: Dodged            |     7 |    30 ||    37
